 Dungeon Crawl Stone Soup version 0.24.0-13-gcf9b3192b9 (webtiles) character file.

Game seed: 6436453222463158233, levelgen mode: deterministic

63 ANON1729 the Chiller (level 4, 0/30 HPs)
             Began as a Barachi Ice Elementalist on Nov 8, 2019.
             Succumbed to a kobold's poison
             ... on level 2 of the Dungeon.
             The game lasted 00:02:47 (1964 turns).

ANON1729 the Chiller (Barachi Ice Elementalist)     Turns: 1964, Time: 00:02:48

Health: 0/30       AC:  4    Str: 12 (15) XL:     4   Next: 10%
Magic:  8/8        EV: 13    Int: 13 (16) God:
Gold:   114        SH:  0    Dex: 13 (14) Spells: 7/8 levels left

rFire    . . .     SeeInvis .   e - +0 dagger
rCold    . . .     Gourm    .   (no shield)
rNeg     . . .     Faith    .   a - +0 robe
rPois    .         Spirit   .   (no helmet)
rElec    .         Reflect  .   (no cloak)
rCorr    .         Harm     .   o - +1 pair of gloves
MR       .....                  (no boots)
Stlth    +++.......             n - amulet of the acrobat
HPRegen  0.10/turn              m - +3 ring of strength
MPRegen  0.11/turn              (no ring)

@: lethally poisoned (0 -> -27), slow
A: +LOS, swims, talons 1, thin skeletal structure 1, blurry vision 1, slowness
1, strong 1, strong legs 1
a: Hop


You were on level 2 of the Dungeon.
You were very hungry.

You visited 1 branch of the dungeon, and saw 2 of its levels.

You collected 114 gold pieces.

Inventory:

Hand Weapons
 e - a +0 dagger (weapon)
Armour
 a - a +0 robe (worn)
 o - a +1 pair of gloves (worn)
Jewellery
 m - a +3 ring of strength (left hand)
 n - an amulet of the acrobat (around neck)
Scrolls
 b - a scroll of blinking {unknown}
 g - 2 scrolls of identify {unknown}
 h - a scroll of remove curse {unknown}
 j - a scroll of magic mapping {unknown}
 k - 2 scrolls of teleportation {unknown}
Potions
 d - 2 potions of cancellation
 l - a potion of flight {unknown}
Comestibles
 c - 4 rations


   Skills:
 + Level 3.0 Dodging
 + Level 2.5 Stealth
 + Level 2.9 Spellcasting
   Level 1.1 Conjurations
 + Level 4.3 Ice Magic


You had 7 spell levels left.
You knew the following spells:

 Your Spells              Type           Power        Failure   Level  Hunger
a - Freeze                Ice            ##..         4%          1    #......

Your spell library contained the following spells:

 Spells                   Type           Power        Failure   Level  Hunger
 Throw Frost              Conj/Ice       #.....       12%         2    ###....
 Ozocubu's Armour         Chrm/Ice       #.......     28%         3    ###....
 Throw Icicle             Conj/Ice       #.......     58%         4    #####..
 Summon Ice Beast         Ice/Summ       #.......     67%         4    #####..


Dungeon Overview and Level Annotations

Branches:
Dungeon (2/15)

Altars:


Innate Abilities, Weirdness & Mutations

Shadows flee at your approach. (+LOS)
You can swim through water.
You cover ground slowly.
You can hop short distances.
You have sharp toenails.
You have a somewhat thin skeletal structure. (Dex +2, Stealth)
Scrolls take you a little longer to read.
Your muscles are strong. (Str +2)


Message History

You are too injured to fight recklessly!
You are too injured to fight recklessly!
You feel very sick. The bat misses you. The bat completely misses you.
* * * LOW HITPOINT WARNING * * *
You feel very sick. The bat closely misses you. The bat completely misses you.
It was a potion of cancellation.
You feel magically purged.
* * * LOW HITPOINT WARNING * * *
You feel very sick. The bat hits you but does no damage.
It was a potion of degeneration.
There was something very wrong with that liquid.
You feel weakened.
You feel dopey.
You feel clumsy.
* * * LOW HITPOINT WARNING * * *
You feel sick. The adder misses you. The adder barely misses you.
It was a potion of mutation.
You feel extremely strange.
Your toenails lengthen and sharpen.
Your bones become slightly less dense.
Your vision blurs.
You feel stronger.
You die...

#..........# #..........#
#..........# #..........#
#..........# #..........#
#...b......# ####S#######
.# #....@....# ..
#.........# .. #.........#
.# #### #.........####.#
.....
#..............##.....
######.####.#.....#.....
##......## #.......#.....
##........#####........<..
#..........# ##...........


You could see an adder and a bat.

Vanquished Creatures
  3 adders
  An ooze (D:1)
  2 bats
  A giant cockroach (D:2)
  5 goblins
  4 hobgoblins
  3 jackals (D:2)
  7 kobolds
  A frilled lizard (D:2)
  3 rats
30 creatures vanquished.

Notes
Turn   | Place    | Note
-------+----------+-------------------------------------------
     0 | D:1      | ANON1729 the Barachi Ice Elementalist began the quest for
                  | the Orb.
     0 | D:1      | Reached XP level 1. HP: 13/13 MP: 3/3
   151 | D:1      | Reached XP level 2. HP: 19/19 MP: 3/5
  1151 | D:1      | Reached skill level 4 in Ice Magic
  1151 | D:1      | Reached XP level 3. HP: 15/24 MP: 1/6
  1810 | D:2      | Reached XP level 4. HP: 24/30 MP: 4/8
  1964 | D:2      | Gained mutation: You have sharp toenails. [potion of
                  | mutation]
  1964 | D:2      | Gained mutation: You have a somewhat thin skeletal
                  | structure. (Dex +2, Stealth) [potion of mutation]
  1964 | D:2      | Gained mutation: Scrolls take you a little longer to read.
                  | [potion of mutation]
  1964 | D:2      | Gained mutation: Your muscles are strong. (Str +2) [potion
                  | of mutation]
  1964 | D:2      | Succumbed to a kobold's poison

Levels and vault maps discovered:
D:1:      noname_arrival_rooms_in_the_neighbourhood, layout_basic, st_stairs_4
D:2:      layout_rooms, first_ration, uniq_sigmund

Skill      XL: |  1  2  3  4 |
---------------+-------------+-----
Stealth        | 2 |  2.5
Ice Magic      | 4 |  4.3
Dodging        | 3 |  3.0
Spellcasting   | |  2.9
Conjurations   | |  1.1

Action                   |  1- 3 |  4- 6 || total
-------------------------+-------+-------++-------
Melee: Dagger            |    60 |    24 ||    84
 Cast: Freeze            |    32 |     6 ||    38
  Use: Potion            |       |     3 ||     3
 Stab: Sleeping          |     1 |       ||     1
  Eat: Chunk             |     3 |       ||     3
Armor: Robe              |    24 |    18 ||    42
Dodge: Dodged            |    67 |    52 ||   119
